cohdb
Replays
Latest Replays
All Replays
Popular Replays
Top Player Replays
Match Explorer
How It Works
Community
CoH3 Stats
Reddit
Sign in to upload your games and track your stats! →
Sign in with Steam
Match 40054007
Unlisted
Match 40054007
Overview
Messages
Build Orders
End
Construct Section Command Post
Vickers Machine Gun Team
Selects Canadian Shock Battlegroup
Infantry Section
Infantry Section
Grenade Package
Selects Incendiary Munitions
ML 3-inch Mortar Team
Construct Platoon Command Post
6-pounder Anti-tank Gun Team
AI Takeover
Heretek
killall
venam
kennyemmy
KingDarBoja
Roflmaster_1
0
0
Comments
sign in to comment!
No comments posted yet!